 Dungeon Crawl Stone Soup version 0.29.1-12-g30fa7ad0bf (webtiles) character file.

Game seed: 6683787516275910330

460 H0rd4k the Insei (level 7, -6/46 HPs)
             Began as an Octopode Artificer on Dec 20, 2022.
             Splashed by a jelly's acid (7 damage)
             ... on level 5 of the Dungeon.
             The game lasted 00:03:56 (4799 turns).

H0rd4k the Insei (Octopode Artificer)               Turns: 4799, Time: 00:03:57

Health: -6/46      AC: -11   Str: 11    XL:     7   Next: 7%
Magic:  11/11      EV: 13    Int: 16    God:
Gold:   166        SH:  0    Dex: 12    Spells: 12/12 levels left

rFire   . . .      SeeInvis .     - Unarmed
rCold   . . .      Faith    .   (no shield)
rNeg    . . .      Spirit   .   (helmet restricted)
rPois   .          Reflect  .   k - amulet of the acrobat
rElec   .          Harm     .   (no ring)
rCorr   .          Rampage  .   (no ring)
Will    .....                   (no ring)
Stlth   +++.......              (no ring)
HPRegen 0.15/turn               (no ring)
MPRegen 0.12/turn               (no ring)
                                (no ring)
                                (no ring)

@: corroded
A: almost no armour, amphibious, 8 rings, camouflage 1, gelatinous body 1,
(nimble swimmer 1), tentacles
a: no special abilities


You were on level 5 of the Dungeon.
You visited 2 branches of the dungeon, and saw 6 of its levels.

You collected 166 gold pieces.

Inventory:

Hand Weapons
 a - a +0 club
Missiles
 l - 6 atropa-tipped darts
Magical Staves
 p - a staff of earth
 q - a staff of death
Jewellery
 k - an amulet of the acrobat (around mantle)
Wands
 b - a wand of flame (26) (quivered)
 c - a wand of charming (20)
Scrolls
 f - a scroll of enchant armour {unknown}
 g - 2 scrolls of butterflies {unknown}
 h - 4 scrolls of blinking {unknown}
 i - 2 scrolls of teleportation {unknown}
 m - a scroll of amnesia {unknown}
 n - 4 scrolls of vulnerability {unknown}
 r - 2 scrolls of noise {unknown}
 u - a scroll of poison {unknown}
 v - 2 scrolls of identify {unknown}
 w - a scroll of summoning {unknown}
 x - a scroll of magic mapping {unknown}
Potions
 e - 3 potions of brilliance {unknown}
 j - a potion of attraction {unknown}
 o - 2 potions of lignification {unknown}
 s - a potion of haste {unknown}
 t - 2 potions of curing {unknown}
 z - a potion of might {unknown}


   Skills:
 * Level 3.5 Fighting
 - Level 2.3 Dodging
 - Level 1.3 Stealth
 + Level 4.6 Unarmed Combat
 * Level 3.2 Spellcasting
 - Level 3.2 Evocations


You had 12 spell levels left.
You didn't know any spells.
Your spell library contained the following spells:

 Spells                   Type           Power      Damage    Failure   Level
 Necrotise                Necr           8%         1d4       19%         1
 Vampiric Draining        Necr           2%         2d6       50%         3
 Agony                    Necr           2%         N/A       99%         5


Dungeon Overview and Level Annotations

Branches:
Dungeon (5/15)             Temple (1/1) D:4

Altars:
Ashenzari
Cheibriados
Dithmenos
Elyvilon
Fedhas
Kikubaaqudgha
Nemelex Xobeh
Okawaru
Trog
Uskayaw
Vehumet
Xom
The Shining One

Annotations:
D:4 1 runed translucent door, exclusion: door, Crazy Yiuf


Innate Abilities, Weirdness & Mutations

You cannot wear most types of armour.
You are amphibious.
You can wear up to eight rings at the same time.
Your skin changes colour to match your surroundings (Stealth+).
Your rubbery body absorbs attacks. (AC +1, EV +1)
((You are camouflaged when in or above water. (Stealth+)))
You have tentacles for arms and can constrict up to eight enemies at once.


Message History

(D) Dungeon (T) Temple
Where to? (Enter - D:4, ? - help)
There is a stone staircase leading up here.
You see here a +0 club.
There is a stone staircase leading down here.
You climb downwards.
Found a potion of berserk rage.
There is a stone staircase leading up here.
A jelly is nearby!
A jelly is nearby!
Found a spear.
The helpless jelly fails to defend itself.
You tentacle-slap the jelly. The acid corrodes you!
Your tentacles burn!
The jelly is moderately wounded.
You tentacle-slap the jelly.
Your tentacles burn!
The jelly is heavily wounded.
The jelly hits you.
You are splashed with acid!
You tentacle-slap the jelly but do no damage.
Your tentacles burn!
The jelly is heavily wounded.
The jelly hits you. The acid corrodes you!
You are splashed with acid!
* * * LOW HITPOINT WARNING * * *
You tentacle-slap the jelly but do no damage.
Your tentacles burn!
* * * LOW HITPOINT WARNING * * *
You squeeze the jelly, but do no damage.
The jelly is heavily wounded.
The jelly hits you.
* * * LOW HITPOINT WARNING * * *
The acid corrodes you!
You are splashed with acid!
* * * LOW HITPOINT WARNING * * *
Aiming: Throw Flame
Press: ? - help, Shift-Dir - straight line, f - jelly
Aim: a jelly (heavily wounded, 100% to hit)
The puff of flame hits the jelly.
The jelly is almost dead.
The jelly hits you.
* * * LOW HITPOINT WARNING * * *
You are splashed with acid!
You die...

#........
#........
#........
#........
#...!....
#.......)
##........
#<@J......
#########.


You could see a jelly.

Vanquished Creatures
  Menkaure (D:4)
  An ogre (D:4)
  A scorpion (D:3)
  An orc priest (D:4)
  A hound (D:4)
  Ijyb (D:4)
  3 adders
  An ufetubus (D:4)
  3 dart slugs
  4 orcs (D:4)
  5 ball pythons
  6 endoplasms
  A giant cockroach (D:2)
  5 goblins
  8 hobgoblins
  5 kobolds
  7 quokkas
  6 bats
  2 frilled lizards
  3 rats
65 creatures vanquished.

Vanquished Creatures (collateral kills)
  2 orcs (D:4)
2 creatures vanquished.

Grand Total: 67 creatures vanquished

Notes
Turn   | Place    | Note
-------+----------+-------------------------------------------
     0 | D:1      | H0rd4k the Octopode Artificer began the quest for the Orb.
     0 | D:1      | Reached XP level 1. HP: 13/13 MP: 1/1
   379 | D:1      | Reached skill level 1 in Spellcasting
   442 | D:1      | Reached XP level 2. HP: 18/18 MP: 3/3
   648 | D:1      | Found a faded altar of an unknown god.
  1300 | D:2      | Reached XP level 3. HP: 18/24 MP: 5/5
  2051 | D:2      | Reached skill level 1 in Unarmed Combat
  2521 | D:3      | Reached XP level 4. HP: 27/29 MP: 5/7
  2574 | D:3      | Noticed a scorpion
  2578 | D:3      | Killed a scorpion
  2579 | D:3      | Reached skill level 2 in Unarmed Combat
  2579 | D:3      | Reached XP level 5. HP: 35/35 MP: 8/8
  2910 | D:4      | Found a staircase to the Ecumenical Temple.
  2918 | Temple   | Entered the Ecumenical Temple
  3055 | D:4      | Noticed an ogre
  3059 | D:4      | Killed an ogre
  3060 | D:4      | Reached skill level 3 in Unarmed Combat
  3167 | D:4      | Reached XP level 6. HP: 11/42 MP: 10/10
  4090 | D:4      | Noticed Menkaure
  4094 | D:4      | Killed Menkaure
  4095 | D:4      | Reached skill level 4 in Unarmed Combat
  4399 | D:4      | Reached XP level 7. HP: 41/46 MP: 11/11
  4513 | D:4      | Noticed Ijyb
  4546 | D:4      | Killed Ijyb
  4713 | D:4      | Found a runed translucent door.
  4714 | D:4      | Noticed Crazy Yiuf
  4793 | D:5      | Entered Level 5 of the Dungeon
  4798 | D:5      | HP: 2/46 [acid (7)]
  4799 | D:5      | Splashed by a jelly's acid

Illustrated notes

Levels and vault maps discovered:
D:1:      amcnicky_arrival_feature_with_door, layout_loops_cross,
          chequers_ecumenical_altar_grove, chequers_serial_rivers_large_b
D:2:      layout_loops_cross, grunt_decor_clamped
D:3:      layout_loops_ring, hangedman_decor_riveting
D:4:      layout_basic, minmay_temple_entry_drinking_statues, uniq_ijyb,
          uniq_menkaure, uniq_crazy_yiuf_cottage
D:5:      layout_basic, grunt_tough_drop
Temple:   nicolae_temple_bog_church

Skill      XL: |  1  2  3  4  5  6 |
---------------+-------------------+-----
Spellcasting   | 1 2 3 |  3.2
Fighting       | 2 3 |  3.5
Unarmed Combat | 1 2 3 4 |  4.6
Dodging        | |  2.3
Stealth        | |  1.3
Evocations     | |  3.2

Action                   |  1- 3 |  4- 6 |  7- 9 || total
-------------------------+-------+-------+-------++-------
Melee: Unarmed           |   109 |    42 |    10 ||   161
       Constrict         |    25 |    13 |     1 ||    39
       Tentacles         |    23 |    12 |     6 ||    41
       Punch             |     2 |       |       ||     2
Evoke: Wand              |       |    13 |     3 ||    16
 Stab: Sleeping          |    13 |     1 |     1 ||    15
Armor: Skin              |     4 |     1 |       ||     5
Dodge: Dodged            |    73 |    31 |     3 ||   107
